 Dungeon Crawl Stone Soup version 0.28.0-47-ge53b351184 (webtiles) character file.

Game seed: 6979827881719930529

13220 Gabide the Thaumaturge (level 11, -7/87 HPs)
             Began as a Mummy Necromancer on May 3, 2022.
             Was a Priest of Sif Muna.
             Mangled by a wraith (9 damage)
             ... led by Josephine
             ... on level 11 of the Dungeon.
             The game lasted 00:36:50 (18082 turns).

Gabide the Thaumaturge (Mummy Necromancer)         Turns: 18082, Time: 00:36:51

Health: -7/87      AC:  8    Str: 12    XL:     11   Next: 72%
Magic:  3/25       EV: 14    Int: 18    God:    Sif Muna [***...]
Gold:   436        SH:  0    Dex:  9    Spells: 3/31 levels left

rFire   + . .      SeeInvis .   p - +11 falchion of Theory {flame, rElec rF+ Will+ Dex-4}
rCold   + . .      Faith    .   (no shield)
rNeg    + + +      Spirit   .   a - +0 robe
rPois   ∞          Reflect  .   f - +0 helmet
rElec   +          Harm     .   r - +0 cloak
rCorr   .          Rampage  .   g - +2 pair of gloves
Will    +++..                   i - +0 pair of boots
Stlth   ..........              (no amulet)
HPRegen 0.24/turn               c - ring of willpower
MPRegen 0.19/turn               l - ring of protection from fire

@: silenced, slowed, very slow
A: cold resistance 1, negative energy resistance 3, torment resistance 2, heat
vulnerability 1, no potions
a: Renounce Religion


You were on level 11 of the Dungeon.
You worshipped Sif Muna.
Sif Muna was most pleased with you.
You visited 1 branch of the dungeon, and saw 11 of its levels.

You collected 588 gold pieces.
You spent 152 gold pieces at shops.

Inventory:

Hand Weapons
 d - a +5 short sword
 p - the +11 falchion of Theory (weapon) {flame, rElec rF+ Will+ Dex-4}
   (You bought it in a shop on level 3 of the Dungeon)

   It burns those it strikes, dealing additional fire damage.
   Big, fiery blades are also staple armaments of hydra-hunters.
   Dex:       It affects your dexterity (-4).
   rF:        It protects you from fire.
   rElec:     It insulates you from electricity.
   Will:      It increases your willpower.
Missiles
 w - a throwing net
Armour
 a - a +0 robe (worn)
 f - a +0 helmet (worn)
 g - a +2 pair of gloves (worn)
 i - a +0 pair of boots (worn)
 r - a +0 cloak (worn)
Jewellery
 c - a ring of willpower (left hand)
 l - a ring of protection from fire (right hand)
 x - a ring of willpower
Wands
 q - a wand of polymorph (5)
 t - a wand of iceblast (4)
 u - a wand of mindburst (5)
Scrolls
 b - 3 scrolls of identify
 e - 2 scrolls of amnesia
 h - 3 scrolls of vulnerability
 j - 2 scrolls of teleportation
 m - 2 scrolls of fog
 o - a scroll of magic mapping
 s - a scroll of noise
 v - a scroll of holy word


   Skills:
 * Level 8.6 Fighting
 + Level 3.5 Long Blades
 * Level 7.5 Dodging
 - Level 1.5 Stealth
 * Level 10.9 Spellcasting
 * Level 9.8 Necromancy
 + Level 5.4 Invocations


You had 3 spell levels left.
You knew the following spells:

 Your Spells              Type           Power      Damage    Failure   Level
a - Pain                  Necr           100%       1d9       1%          1
b - Vampiric Draining     Necr           45%        2d9       1%          3
c - Animate Dead          Necr           22%        N/A       1%          4
d - Borgnjor's Vile Clut  Necr/Erth      13%        N/A       26%         5
e - Agony                 Necr           45%        N/A       3%          5
f - Dispel Undead         Necr           45%        3d17      1%          4
g - Anguish               Hex/Necr       13%        N/A       10%         4
h - Corpse Rot            Necr/Air       54%        N/A       1%          2

Your spell library contained the following spells:

 Spells                   Type           Power      Damage    Failure   Level
 Animate Skeleton         Necr           90%        N/A       1%          1
 Sting                    Tmut/Pois      36%        1d4       8%          1
 Summon Small Mammal      Summ           36%        N/A       8%          1
 Poisonous Vapours        Pois/Air       18%        N/A       11%         2
 Scorch                   Fire           18%        2d5       11%         2
 Call Canine Familiar     Summ           9%         N/A       22%         3
 Gell's Gravitas          Tloc           9%         N/A       22%         3
 Lesser Beckoning         Tloc           9%         N/A       22%         3
 Summon Guardian Golem    Hex/Summ       9%         N/A       22%         3
 Teleport Other           Tloc           9%         N/A       22%         3
 Tukima's Dance           Hex            9%         N/A       22%         3
 Excruciating Wounds      Necr           22%        N/A       3%          5
 Flame Wave               Conj/Fire      9%         2d5       58%         4
 Fulminant Prism          Conj/Hex       4%         3d6       58%         4
 Iskenderun's Mystic Bla  Conj/Tloc      9%         2d4       58%         4
 Olgreb's Toxic Radiance  Pois           9%         N/A       58%         4
 Passage of Golubria      Tloc           9%         N/A       58%         4
 Petrify                  Tmut/Erth      9%         N/A       58%         4
 Simulacrum               Ice/Necr       13%        N/A       83%         6
 Freezing Cloud           Conj/Ice/Air   4%         6-21      90%         5
 Lee's Rapid Deconstruct  Erth           4%         3d6*      90%         5
 Metabolic Englaciation   Hex/Ice        4%         N/A       90%         5
 Yara's Violent Unravell  Hex/Tmut       4%         3d4       90%         5
 Conjure Ball Lightning   Conj/Air       4%         3x3d6     100%        6
 Summon Cactus Giant      Summ           4%         N/A       100%        6
 Orb of Destruction       Conj           4%         9d5       100%        7
 Spellforged Servitor     Conj/Summ      4%         N/A       100%        7
 Dragon's Call            Summ           4%         N/A       100%        9
 Statue Form              Tmut/Erth      Unusable   N/A       N/A         6

Dungeon Overview and Level Annotations

Branches:
Dungeon (11/15)            Temple (0/1) D:5            Lair (0/6) D:8
    Orc (0/2) D:10

Altars:
Ashenzari
Dithmenos
Fedhas
Hepliaklqana
Kikubaaqudgha
Qazlal
Sif Muna
Wu Jian
Xom
Zin
The Shining One

Shops:
D:3 *   D:4 (   D:7 (   D:8 [


Innate Abilities, Weirdness & Mutations

You are immune to poison.
Your flesh is cold resistant. (rC+)
You are immune to negative energy. (rN+++)
You are immune to unholy pain and torment.
You are vulnerable to heat. (rF-)
You do not drink.


Message History

Josephine convulses!
Josephine hits you with a +2 antimagic dagger.
You feel your power leaking away.
The wraith hits you. x2; The wraith drains your vigour!
You feel yourself slow down.
As you read the scroll of silence, it crumbles to dust.
A profound silence engulfs you.
Josephine hits you with a +2 antimagic dagger!
The wraith hits you! The wraith drains your vigour!
You feel as though you will be slow longer.
The wraith barely misses you.
Josephine hits you with a +2 antimagic dagger!
You slash Josephine! You burn Josephine.
Josephine is severely wounded.
The wraith hits you. The wraith hits you! The wraith drains your vigour!
You feel as though you will be slow longer.
Josephine hits you with a +2 antimagic dagger!
* * * LOW HITPOINT WARNING * * *
The wraith hits you!
* * * LOW HITPOINT WARNING * * *
The wraith drains your vigour!
You feel as though you will be slow longer.
The wraith misses you. Josephine misses you.
You slash Josephine! You burn Josephine.
Josephine is almost dead.
Josephine closely misses you.
Okay, then.
You can't drink.
Magic scrolls do not work when you're silenced!
You slash Josephine! You burn Josephine.
You kill Josephine!
Sif Muna accepts your kill.
Your magical contamination has completely faded away.
The wraith hits you!
* * * LOW HITPOINT WARNING * * *
The wraith misses you. The wraith completely misses you. The wraith misses you.
The wraith hits you!
You die...

...+.....'...
#..#.....#...
#######+
#..####### #
#...##..##....#
#
#.......#.....#
#
#.......#.....#
# #)####..##
#..###..###+##
##.....W@.....#
#......WW.....#
#.............#
###############


You could see 3 wraiths.

Vanquished Creatures
  Josephine (D:11)
  2 two-headed ogres
  2 ugly things (D:11)
  2 cyclopes (D:11)
  A centaur zombie (D:11)
  Maggie (D:10)
  A komodo dragon (D:10)
  2 trolls
  A wraith (D:11)
  3 shadows
  3 wyverns
  A vampire (D:11)
  3 humans (D:6)
  2 steam dragons
  6 yaks
  Menkaure (D:6)
  Duvessa (D:4)
  An acid dragon (D:9)
  4 water moccasins
  4 orc warriors
  A sky beast (D:8)
  3 ice beasts
  6 ogres
  2 black bears
  2 necrophages (D:5)
  6 centaurs
  A kobold brigand (D:9)
  Blork the orc (D:6)
  A wyvern zombie (D:8)
  4 bullfrogs
  Dowan (D:4)
  12 killer bees (D:9)
  11 wights
  3 howler monkeys
  The ghost of Allula97 the Gusty, a weakling TeAE (D:3)
  7 hounds
  A jelly (D:6)
  Crazy Yiuf (D:6)
  5 orc priests
  3 centaur skeletons
  A bullfrog skeleton (D:3)
  3 gnoll shamans
  3 iguanas
  A scorpion zombie (D:5)
  5 orc wizards
  A killer bee zombie (D:5)
  2 howler monkey zombies
  6 gnolls
  A howler monkey skeleton (D:5)
  6 adders
  A shadow imp (D:6)
  3 white imps
  2 ufetubi
  An adder skeleton (D:4)
  2 worms
  22 orcs
  9 endoplasms
  4 giant cockroaches
  11 hobgoblins
  7 jackals (D:2)
  14 kobolds
  5 quokkas
  7 ball pythons
  8 bats
  6 frilled lizards
  A goblin (D:3)
  5 rats
251 creatures vanquished.

Vanquished Creatures (collateral kills)
  An acid dragon (D:11)
1 creature vanquished.

Vanquished Creatures (others)
  A yak (D:10)
  2 fungi (D:8)
  4 plants
7 creatures vanquished.

Grand Total: 259 creatures vanquished

Notes
Turn   | Place    | Note
-------+----------+-------------------------------------------
     0 | D:1      | Gabide the Mummy Necromancer began the quest for the Orb.
     0 | D:1      | Reached XP level 1. HP: 13/13 MP: 4/4
   114 | D:1      | Found a faded altar of an unknown god.
   132 | D:1      | Prayed at the altar of an unknown god.
   132 | D:1      | Became a worshipper of Sif Muna the Loreminder
   132 | D:1      | Reached * piety under Sif Muna
   200 | D:1      | Reached XP level 2. HP: 20/20 MP: 0/5
   412 | D:1      | Reached skill level 3 in Spellcasting
  1002 | D:1      | Reached skill level 1 in Fighting
  1219 | D:1      | Reached ** piety under Sif Muna
  1314 | D:1      | Reached XP level 3. HP: 26/26 MP: 4/7
  1318 | D:1      | Learned a level 3 spell: Vampiric Draining
  2986 | D:3      | Reached XP level 4. HP: 32/32 MP: 3/9
  3267 | D:3      | Got the Guide on Lethal Weightlessness
  3333 | D:3      | Found Diytued's Assorted Antiques.
  3382 | D:3      | Found a transporter.
  3382 | D:3      | Noticed Allula97's ghost (weakling TeAE)
  3386 | D:3      | Found a transporter.
  3401 | D:3      | Learned a level 4 spell: Animate Dead
  3790 | D:3      | Reached skill level 4 in Spellcasting
  4089 | D:4      | You fall into a shaft and drop 2 floors!
  4090 | D:6      | Found a shimmering altar of Xom.
  4097 | D:6      | Noticed a black bear
  4098 | D:6      | Noticed an ice beast
  4105 | D:6      | Killed an ice beast
  4106 | D:6      | Reached skill level 1 in Invocations
  4106 | D:6      | Reached XP level 5. HP: 38/38 MP: 1/11
  4135 | D:6      | Noticed Blork the orc
  4153 | D:6      | Reached XP level 6. HP: 15/45 MP: 4/12
  4158 | D:6      | Noticed an ice beast
  4462 | D:6      | Noticed a human
  4477 | D:6      | Reached skill level 5 in Necromancy
  4485 | D:6      | Killed a human
  4679 | D:6      | Noticed a human
  4686 | D:6      | Killed a human
  4686 | D:6      | Reached *** piety under Sif Muna
  4687 | D:6      | Reached skill level 5 in Spellcasting
  4687 | D:6      | Reached XP level 7. HP: 43/52 MP: 0/14
  4862 | D:6      | Noticed a human
  4872 | D:6      | Killed a human
  5044 | D:6      | Noticed Menkaure
  5269 | D:6      | Killed Blork the orc
  5400 | D:6      | Reached skill level 6 in Spellcasting
  5400 | D:6      | Reached XP level 8. HP: 60/60 MP: 2/17
  5565 | D:5      | Entered Level 5 of the Dungeon
  5661 | D:5      | Found a staircase to the Ecumenical Temple.
  6092 | D:5      | Found a broken altar of Ashenzari.
  6267 | D:5      | Found an ancient bone altar of Kikubaaqudgha.
  6270 | D:5      | Found a hazy altar of Hepliaklqana.
  6270 | D:5      | Found a shimmering blue altar of Sif Muna.
  6277 | D:5      | Found a blossoming altar of Fedhas.
  6346 | D:5      | Reached skill level 5 in Fighting
  6346 | D:5      | Reached skill level 7 in Spellcasting
  6836 | D:4      | Noticed Duvessa
  6836 | D:4      | Noticed Dowan
  6844 | D:4      | Killed Duvessa
  6845 | D:4      | Killed Dowan
  6997 | D:4      | Reached XP level 9. HP: 64/68 MP: 9/19
  7196 | D:4      | Found an ornate altar of the Wu Jian Council.
  7239 | D:4      | Found Didwymil's Weapon Emporium.
  7787 | D:4      | Reached skill level 5 in Dodging
  8517 | D:4      | Learned a level 5 spell: Excruciating Wounds
  8523 | D:4      | Learned a level 5 spell: Agony
  8581 | D:3      | Killed Allula97's ghost
  8581 | D:3      | Reached **** piety under Sif Muna
  8677 | D:3      | Bought a shimmering falchion for 152 gold pieces
  8677 | D:3      | Identified the +11 falchion of Theory {flame, rElec rF+
                  | Will+ Dex-4} (You bought it in a shop on level 3 of the
                  | Dungeon)
  9573 | D:6      | Killed Menkaure
  9574 | D:6      | Reached skill level 8 in Spellcasting
  9753 | D:6      | Found a runed translucent door.
  9754 | D:6      | Noticed Crazy Yiuf
  9758 | D:6      | Killed Crazy Yiuf
  9827 | D:7      | Reached skill level 1 in Long Blades
  9876 | D:7      | Found Yttiwail's Antique Weapon Emporium.
 10956 | D:8      | Reached XP level 10. HP: 59/77 MP: 3/22
 11443 | D:8      | Found a staircase to the Lair.
 11978 | D:8      | Reached skill level 9 in Spellcasting
 12347 | D:8      | Found Rugi's Armour Shoppe.
 13080 | D:9      | Found a shadowy altar of Dithmenos.
 13585 | D:9      | Noticed a two-headed ogre
 14614 | D:9      | Killed a two-headed ogre
 14614 | D:9      | Reached ***** piety under Sif Muna
 14788 | D:9      | Found a stormy altar of Qazlal.
 14847 | D:9      | Received a gift from Sif Muna
 14848 | D:9      | Got Iweceff's Handbook of Lethal Summoning {god gift}
 14854 | D:9      | Learned a level 4 spell: Dispel Undead
 14859 | D:9      | Learned a level 4 spell: Anguish
 15184 | D:9      | Reached XP level 11. HP: 81/85 MP: 15/24
 15511 | D:10     | Entered Level 10 of the Dungeon
 15527 | D:10     | Noticed Maggie
 15535 | D:10     | Killed Maggie
 15536 | D:10     | Reached skill level 10 in Spellcasting
 15885 | D:10     | Found a staircase to the Orcish Mines.
 16178 | D:10     | Reached skill level 5 in Invocations
 16681 | D:11     | Noticed a red ugly thing
 16690 | D:11     | Killed a red ugly thing
 17083 | D:11     | Identified the +8 quarterstaff "Mummy's Peril" {venom,
                  | Int+4 Dex+3}
 17431 | D:11     | Noticed a brown ugly thing
 17436 | D:11     | Killed a brown ugly thing
 17577 | D:11     | Learned a level 2 spell: Corpse Rot
 17584 | D:11     | Learned a level 5 spell: Borgnjor's Vile Clutch
 17695 | D:11     | Noticed a two-headed ogre
 17701 | D:11     | Killed a two-headed ogre
 17702 | D:11     | Noticed a two-headed ogre
 17704 | D:11     | HP: 4/87 [two-headed ogre/+0 giant spiked club (1)]
 18063 | D:11     | Noticed Josephine
 18077 | D:11     | Killed Josephine
 18078 | D:11     | HP: 1/87 [wraith[Josephine] (9)]
 18082 | D:11     | Mangled by a wraith

Illustrated notes

Levels and vault maps discovered:
D:1:      dpeg_arrival_leaves_temple_mockup, layout_basic,
          ebering_ecumenical_altar_webs, serial_forest,
          infiniplex_forest_zigzag_1, infiniplex_forest_zigzag_1,
          infiniplex_forest_end_2, infiniplex_forest_lined_3,
          infiniplex_forest_end_2, infiniplex_forest_lined_room_2,
          hangedman_decor_riveting
D:2:      layout_loops_corners
D:3:      layout_basic, gammafunk_ghost_arena, serial_shops, shop,
          hangedman_decor_opposing
D:4:      layout_layer_cave, mainiacjoe_overflow_concentric_impassable,
          tso_oasis_becter, serial_shops, nicolae_shop_statue_plus, uniq_duvessa
D:5:      layout_loops_ring, mainiacjoe_overflow_boulevard,
          grunt_temple_overflow_open, minmay_temple_entry_crystal_x,
          roderic_roman_lattice
D:6:      layout_cave_pools, nicolae_overflow_crystal_walls,
          kennysheep_flooded_box, corexii_shack, grunt_ministairs_10,
          minmay_ruffians, uniq_crazy_yiuf_cottage, uniq_menkaure,
          uniq_blork_the_orc
D:7:      layout_basic, serial_shops, nicolae_shop_trees
D:8:      layout_basic, dpeg_oklobed_lair, serial_shops,
          nicolae_shop_statue_plus
D:9:      layout_basic, grunt_dithmenos_smoke_and_mirrors,
          nicolae_qazlal_eye_of_the_storm, kennysheep_kite_vault
D:10:     layout_roguey, orc_0_dummy, minivault_26,
          chequers_serial_rivers_large_a, uniq_maggie
D:11:     nzn_winding_woodlands_three_and_one [nzn_winding_woodlands_5x15_cabin,
          nzn_winding_woodlands_5x15_pool,
          nzn_winding_woodlands_5x15_concentric,
          nzn_winding_woodlands_center_triple_pond], layout_gridville,
          uniq_josephine

Skill      XL: |  1  2  3  4  5  6  7  8  9 10 11 |
---------------+----------------------------------+-----
Spellcasting   | 3 4 5 6 7 8 9 10 | 10.9
Fighting       | 1 2 3 5 6 7 8 |  8.6
Dodging        | 2 3 4 5 6 7 |  7.5
Invocations    | 1 2 3 4 5 |  5.4
Necromancy     | 5 6 7 8 9 |  9.8
Long Blades    | 1 2 3 |  3.5
Stealth        | |  1.5

Action                   |  1- 3 |  4- 6 |  7- 9 | 10-12 || total
-------------------------+-------+-------+-------+-------++-------
Melee: Unarmed           |    18 |       |       |       ||    18
       Short sword       |    15 |    58 |   106 |       ||   179
       Punch             |       |     2 |     1 |     1 ||     4
       Falchion          |       |       |    35 |   113 ||   148
 Cast: Pain              |    87 |    40 |   163 |    26 ||   316
       Vampiric Draining |       |    12 |    56 |   124 ||   192
       Animate Dead      |       |       |     1 |     1 ||     2
       Excruciating Woun |       |       |     1 |       ||     1
       Dispel Undead     |       |       |       |    14 ||    14
       Agony             |       |       |       |    14 ||    14
       Anguish           |       |       |       |     4 ||     4
       Borgnjor's Vile C |       |       |       |     2 ||     2
Invok: Forget Spell      |       |       |       |     1 ||     1
Evoke: Wand              |       |       |       |     2 ||     2
  Use: Scroll            |       |     3 |     8 |     5 ||    16
 Stab: Distracted        |       |       |     1 |       ||     1
Armor: Robe              |    11 |    33 |    82 |    82 ||   208
Dodge: Dodged            |    33 |    77 |   176 |   211 ||   497
